 Dungeon Crawl Stone Soup version 0.28.0-47-ge53b351184 (webtiles) character file.

Game seed: 16063751958055847536

10620 nickcage the Slicer (level 11, -6/58 HPs)
             Began as a Spriggan Enchanter on May 2, 2022.
             Was an Elder of Dithmenos.
             Engulfed by a fire crab (shapeshifter)'s flame (21 damage)
             ... on level 10 of the Dungeon on May 3, 2022.
             The game lasted 00:50:06 (14400 turns).

nickcage the Slicer (Spriggan Enchanter)           Turns: 14400, Time: 00:50:06

Health: -6/58      AC:  4    Str:  4    XL:     11   Next: 38%
Magic:  20/23      EV: 17    Int: 19    God:    Dithmenos [****..]
Gold:   546        SH:  0    Dex: 18    Spells: 18/25 levels left

rFire   . . .      SeeInvis +   E - +3 dagger (freeze)
rCold   . . .      Faith    .   (no shield)
rNeg    . . .      Spirit   .   b - +1 robe
rPois   .          Reflect  .   (helmet restricted)
rElec   .          Harm     .   t - +0 cloak
rCorr   .          Rampage  .   (gloves unavailable)
Will    ++...                   (boots unavailable)
Stlth   +++++++...              (no amulet)
HPRegen 0.19/turn               r - ring of willpower
MPRegen 0.18/turn               c - ring of wizardry

@: wreathed by umbra, very quick
A: very small, no large weapons, unfitting armour, see invisible, speed 3
a: Renounce Religion, Shadow Step


You were on level 10 of the Dungeon.
You worshipped Dithmenos.
Dithmenos was greatly pleased with you.
You visited 2 branches of the dungeon, and saw 11 of its levels.
You also visited: Sewer.

You collected 546 gold pieces.

Inventory:

Hand Weapons
 g - a +2 dagger of electrocution
 h - the +10 zealot's sword {holy, *Rage rN+ EV+3}
   (You found it on level 2 of the Dungeon)

   It has been blessed by the Shining One to cause great damage to the undead
   and demons.
   Whenever the wielder enters a berserk rage, their allies are berserked
   alongside them.
   EV:        It affects your evasion (+3).
   rN:        It protects you from negative energy.
   *Rage:     It berserks you when you make melee attacks (+20% chance).
 E - a +3 dagger of freezing (weapon)
Missiles
 y - 9 poisoned darts
Armour
 b - a +1 robe (worn)
 t - a +0 cloak (worn)
 u - +0 acid dragon scales
Jewellery
 c - a ring of wizardry (right hand)
 r - a ring of willpower (left hand)
 s - a ring of flight
Wands
 o - a wand of iceblast (11)
 p - a wand of acid (5)
 D - a wand of charming (11)
 F - a wand of flame (20)
 H - a wand of digging (3)
Scrolls
 a - a scroll of identify
 k - 2 scrolls of enchant armour
 v - a scroll of enchant weapon
 C - 3 scrolls of teleportation
 I - a scroll of summoning
Potions
 d - a potion of magic {unknown}
 e - 2 potions of mutation
 f - a potion of lignification
 i - 4 potions of haste
 l - 4 potions of attraction
 m - a potion of brilliance
 n - a potion of degeneration
 z - a potion of berserk rage
 A - a potion of curing
 B - a potion of cancellation {unknown}
Miscellaneous
 G - a box of beasts


   Skills:
 - Level 7.0 Fighting
 - Level 12.1 Short Blades
 - Level 0.4(0.5) Polearms
 - Level 0.1(0.3) Staves
 - Level 0.1 Slings
 - Level 0.3 Bows
 - Level 0.1 Crossbows
 - Level 2.6 Dodging
 - Level 10.0 Stealth
 - Level 0.1 Shields
 + Level 7.8 Spellcasting
 - Level 5.1 Hexes
 - Level 0.1 Summonings
 - Level 0.1 Necromancy
 + Level 0.4 Translocations
 + Level 0.3 Transmutations
 - Level 5.0 Fire Magic
 - Level 1.0 Ice Magic
 - Level 0.1 Air Magic
 - Level 0.3 Earth Magic
 - Level 0.1 Poison Magic
 - Level 2.0 Invocations


You had 18 spell levels left.
You knew the following spells:

 Your Spells              Type           Power      Damage    Failure   Level
a - Ensorcelled Hibernat  Hex/Ice        38%        N/A       1%          2
b - Magic Dart            Conj           28%        1d4       3%          1
c - Sticky Flame          Conj/Fire      17%        2d4       13%         4

Your spell library contained the following spells:

 Spells                   Type           Power      Damage    Failure   Level
 Confusing Touch          Hex            26%        N/A       1%          3
 Tukima's Dance           Hex            26%        N/A       1%          3
 Summon Small Mammal      Summ           32%        N/A       3%          1
 Dazzling Flash           Conj/Hex       34%        N/A       4%          3
 Summon Guardian Golem    Hex/Summ       17%        N/A       4%          3
 Call Imp                 Summ           8%         N/A       5%          2
 Static Discharge         Conj/Air       7%         N/A       6%          2
 Gell's Gravitas          Tloc           9%         N/A       10%         3
 Lesser Beckoning         Tloc           9%         N/A       10%         3
 Teleport Other           Tloc           9%         N/A       10%         3
 Call Canine Familiar     Summ           8%         N/A       11%         3
 Mephitic Cloud           Conj/Pois/Air  7%         N/A       11%         3
 Dispel Undead            Necr           8%         3d8       32%         4


Dungeon Overview and Level Annotations

Branches:
Dungeon (10/15)            Temple (1/1) D:5            Lair (0/6) D:8
  Sewer (visited)
    Orc: D:9-12

Altars:
Ashenzari
Cheibriados
Dithmenos
Elyvilon
Fedhas
Gozag
Hepliaklqana
Kikubaaqudgha
Makhleb
Nemelex Xobeh
Okawaru
Qazlal
Ru
Sif Muna
Trog
Uskayaw
Vehumet
Wu Jian
Xom
Yredelemnul
The Shining One

Annotations:
D:6 1 runed translucent door, issech's ghost, amateur TrMo


Innate Abilities, Weirdness & Mutations

You are very small and have problems with some larger weapons.
You are too small for most types of armour.
You have supernaturally acute eyesight. (SInv)
You cover ground extremely quickly. (Speed+++)


Message History

You spit the orc like a pig!!!! You freeze the orc.
You kill the orc!
Dithmenos accepts your kill. The orc completely misses you.
Items here: ! ( ) ? [.
You hit the orc. You freeze the orc.
The orc is almost dead.
You hit the orc but do no damage.
The orc is almost dead.
The orc closely misses you.
You barely miss the orc.
The orc is almost dead.
You barely miss the orc.
The orc is almost dead.
The orc barely misses you.
You hit the orc but do no damage.
The orc is severely wounded.
You hit the orc. You freeze the orc.
You kill the orc!
Dithmenos accepts your kill.
You start resting.
HP restored.
The fire crab breathes flames at you. The blast of flame engulfs you!
You are engulfed in blazing flames.
The fire crab breathes flames at you. The blast of flame engulfs you!
You are engulfed in blazing flames.
The fire crab breathes flames at you. The blast of flame engulfs you!
* * * LOW HITPOINT WARNING * * *
You are too injured to fight recklessly!
Aiming: Ensorcelled Hibernation (safe; 1% risk of failure)
Press: ? - help, Q - select action, (/) - cycle Shift-Dir - straight line, f - fire crab
Aim: a fire crab (umbra, chance to affect: 34%)
The fire crab looks drowsy...
Your shadow mimicks your spell!
The fire crab is unaffected.
You are engulfed in blazing flames.
You die...

........####..#..######.#.#
........).)......#....#.#.#
..........)......'....'....
....###)#####.#.##....#.#.#
...........○○..))'.<..'.)..
...........○#.#.##....#.#..
.....°○)###○#.#.##....#.#.#
.#..##°°###○#....'##....#)#
.....°°°°○@°°°..#####......
......°°○°.°°..###..##.....
.#..##°°.○°°°......# ##....
.... #t°####...###..# ##...
... #..# #...# .# ##.. ..
#.)# #...# ### #..# #...#
#... #...# ..o# #...#


You could see a fire crab (asleep).

Vanquished Creatures
  3 two-headed ogres (D:9)
  A death knight (D:7)
  An ugly thing (D:8)
  Maggie (D:8)
  A kobold demonologist (D:9)
  A komodo dragon (D:8)
  A freezing wraith (D:7)
  2 wraiths (D:7)
  3 wyverns
  11 yaks
  A vampire (D:8)
  A steam dragon (D:8)
  Menkaure (D:7)
  2 acid dragons
  5 water moccasins
  2 ice beasts
  3 sky beasts
  4 orc warriors
  A black bear (D:7)
  2 ogres
  2 centaurs
  2 kobold brigands
  5 bullfrogs
  2 scorpions (D:6)
  A wyvern zombie (D:7)
  2 gnoll sergeants (D:9)
  11 wights
  2 howler monkeys (D:10)
  2 hounds
  3 orc priests
  A jelly (D:7)
  A centaur skeleton (D:7)
  2 iguanas
  7 orc wizards
  2 killer bee zombies
  11 adders
  12 gnolls
  A howler monkey skeleton (D:7)
  4 river rats (Sewer)
  A shadow imp (D:8)
  A white imp (D:7)
  2 ufetubi (D:6)
  2 adder skeletons (D:4)
  A worm (D:2)
  A dart slug (D:1)
  35 orcs
  5 bats
  5 endoplasms
  4 giant cockroaches
  4 goblins
  8 hobgoblins
  4 jackals (D:3)
  7 quokkas
  11 ball pythons
  7 frilled lizards
  15 kobolds
  23 rats
256 creatures vanquished.

Vanquished Creatures (others)
  4 plants (D:8)
4 creatures vanquished.

Grand Total: 260 creatures vanquished

Notes
Turn   | Place    | Note
-------+----------+-------------------------------------------
     0 | D:1      | nickcage the Spriggan Enchanter began the quest for the
                  | Orb.
     0 | D:1      | Reached XP level 1. HP: 9/9 MP: 5/5
   210 | D:1      | Reached XP level 2. HP: 13/13 MP: 6/6
   217 | D:1      | Learned a level 2 spell: Ensorcelled Hibernation
  1049 | D:2      | Found a faded altar of an unknown god.
  1060 | D:2      | Reached XP level 3. HP: 16/16 MP: 5/8
  1445 | D:2      | Reached skill level 5 in Hexes
  1480 | D:2      | Reached skill level 1 in Ice Magic
  1480 | D:2      | Reached XP level 4. HP: 21/21 MP: 10/10
  1592 | D:2      | Found the +10 zealot's sword {holy, *Rage rN+ EV+3}
  1635 | D:2      | Reached skill level 2 in Short Blades
  1714 | D:2      | Found a blossoming altar of Fedhas.
  2870 | D:3      | Reached skill level 3 in Short Blades
  2973 | D:3      | Reached XP level 5. HP: 23/24 MP: 8/11
  3988 | D:4      | Reached skill level 4 in Short Blades
  4313 | D:5      | Entered Level 5 of the Dungeon
  4345 | D:5      | Found a staircase to the Ecumenical Temple.
  4351 | Temple   | Entered the Ecumenical Temple
  4359 | Temple   | Became a worshipper of Dithmenos the Shadowed
  4446 | D:5      | Noticed an ice beast
  4461 | D:5      | Found a burning altar of Makhleb.
  4627 | D:5      | Found a glowing drain.
  4648 | Sewer    | Entered a sewer
  4979 | Sewer    | Reached XP level 6. HP: 22/28 MP: 2/12
  4984 | Sewer    | Reached skill level 5 in Short Blades
  5281 | Sewer    | Reached * piety under Dithmenos
  5411 | Sewer    | Reached skill level 6 in Short Blades
  5951 | D:5      | Killed an ice beast
  5952 | D:5      | Reached skill level 7 in Short Blades
  5952 | D:5      | Reached XP level 7. HP: 32/32 MP: 13/13
  5965 | D:5      | Noticed a yak
  5972 | D:5      | Noticed a yak
  5972 | D:5      | Noticed a yak
  5974 | D:5      | Noticed a yak
  5974 | D:5      | Noticed a yak
  5974 | D:5      | Noticed a yak
  6297 | D:5      | Reached skill level 8 in Short Blades
  6324 | D:5      | Killed a yak
  6325 | D:5      | Reached skill level 9 in Short Blades
  6357 | D:5      | Killed a yak
  6358 | D:5      | Reached XP level 8. HP: 36/36 MP: 9/14
  6362 | D:5      | Reached skill level 10 in Short Blades
  6722 | D:5      | Reached skill level 11 in Short Blades
  6978 | D:6      | Reached ** piety under Dithmenos
  7174 | D:6      | Found a runed translucent door.
  7183 | D:6      | Reached skill level 12 in Short Blades
  7183 | D:6      | Reached XP level 9. HP: 29/39 MP: 8/15
  7322 | D:6      | Found a bloodstained altar of Trog.
  7490 | D:6      | Found a white marble altar of Elyvilon.
  7492 | D:6      | Reached skill level 1 in Fighting
  7614 | D:6      | Noticed issech's ghost (amateur TrMo)
  7831 | D:6      | Found a stormy altar of Qazlal.
  7835 | D:6      | Learned a level 1 spell: Magic Dart
  8131 | D:7      | Noticed a freezing wraith
  8246 | D:7      | Noticed Menkaure
  8273 | D:7      | HP: 1/44 [Menkaure (11)]
  8276 | D:7      | Killed Menkaure
  8830 | D:7      | Found a broken altar of Ashenzari.
  9015 | D:7      | Reached skill level 5 in Fighting
  9278 | D:7      | Noticed a death knight
  9306 | D:7      | Killed a death knight
  9316 | D:7      | Reached XP level 10. HP: 53/53 MP: 12/16
  9337 | D:7      | Learned a level 4 spell: Sticky Flame
  9927 | D:7      | Reached skill level 1 in Fire Magic
  9967 | D:7      | Found a glowing golden altar of the Shining One.
 10592 | D:8      | Noticed Maggie
 10602 | D:8      | Killed Maggie
 10750 | D:8      | Found a staircase to the Lair.
 10775 | D:8      | Reached skill level 5 in Stealth
 10783 | D:8      | Reached skill level 1 in Invocations
 10785 | D:8      | Noticed a white ugly thing
 10788 | D:8      | Killed a white ugly thing
 11561 | D:8      | Found an opulent altar of Gozag.
 11694 | D:9      | Reached *** piety under Dithmenos
 12920 | D:9      | Reached XP level 11. HP: 58/58 MP: 8/17
 12922 | D:9      | Reached skill level 10 in Stealth
 13106 | D:9      | Reached skill level 5 in Fire Magic
 13208 | D:9      | Noticed a two-headed ogre
 13245 | D:9      | Killed a two-headed ogre
 13246 | D:9      | Reached skill level 5 in Spellcasting
 13518 | D:9      | Noticed a two-headed ogre
 13526 | D:9      | Killed a two-headed ogre
 13584 | D:9      | Noticed a two-headed ogre
 13973 | D:9      | Killed a two-headed ogre
 14009 | D:10     | Entered Level 10 of the Dungeon
 14336 | D:10     | Reached **** piety under Dithmenos
 14345 | D:10     | Noticed a fire crab
 14400 | D:10     | Engulfed by a fire crab (shapeshifter)'s flame

Illustrated notes

Levels and vault maps discovered:
D:1:      ncdulo_lavacross, layout_basic, minmay_statues_item
D:2:      layout_basic, basic_altar, hellmonk_ecumenical_altar_crossroads,
          nicolae_concentric_dashed_squares_mild
D:3:      layout_loops_ring
D:4:      layout_cave_pods
D:5:      layout_loops_cross, mainiacjoe_overflow_tiny_flanked,
          minmay_temple_entry_drinking_statues, portal_sewer_entry_f
D:6:      layout_cave_pools, elyvilon_altar_1, lemuel_doored_altar,
          lemuel_tele_altar, serial_rivers, chequers_serial_rivers_micro_d,
          chequers_serial_rivers_room_b, chequers_serial_rivers_marsh,
          chequers_serial_rivers_micro_a, ebering_ghost_sewer_d,
          minmay_small_thing
D:7:      layout_basic, nicolae_tso_swordbearing_angel,
          mainiacjoe_overflow_chevrons, uniq_menkaure
D:8:      layout_loops_corners, kennysheep_mini, david_lair_shrubbed,
          st_stairs_1, minmay_misc_feat_diagonals, minmay_misc_feat_nine_boxes,
          uniq_maggie
D:9:      layout_loops_ring
D:10:     layout_basic, lemuel_crystal_altar, hiddenorc1_lemuel,
          chequers_serial_rivers_marsh
Temple:   eino_temple_lava

Skill      XL: |  1  2  3  4  5  6  7  8  9 10 11 |
---------------+----------------------------------+-----
Hexes          | 4 5 |  5.1
Spellcasting   | 3 7 |  7.8
Ice Magic      | 1 |  1.0
Short Blades   | 3 4 7 9 12 | 12.1
Fighting       | 6 7 |  7.0
Fire Magic     | 4 5 |  5.0
Stealth        | 9 10 | 10.0
Invocations    | 2 |  2.0
Polearms       | |  0.4
Staves         | |  0.1
Slings         | |  0.1
Bows           | |  0.3
Crossbows      | |  0.1
Dodging        | |  2.6
Shields        | |  0.1
Summonings     | |  0.1
Necromancy     | |  0.1
Translocations | |  0.4
Transmutations | |  0.3
Air Magic      | |  0.1
Earth Magic    | |  0.3
Poison Magic   | |  0.1

Action                   |  1- 3 |  4- 6 |  7- 9 | 10-12 || total
-------------------------+-------+-------+-------+-------++-------
Melee: Dagger            |    54 |   189 |   127 |   250 ||   620
       Punch             |       |     1 |     2 |     3 ||     6
 Cast: Ensorcelled Hiber |    16 |    81 |    51 |    99 ||   247
       Magic Dart        |       |       |       |    10 ||    10
  Use: Scroll            |       |    12 |     1 |     8 ||    21
       Potion            |       |     1 |       |       ||     1
 Stab: Sleeping          |    14 |    61 |    33 |    55 ||   163
       Distracted        |       |       |     1 |     3 ||     4
Armor: Robe              |    11 |    30 |       |    23 ||    64
       Acid dragon scale |       |       |     5 |       ||     5
Dodge: Dodged            |    42 |   237 |    91 |   145 ||   515
